 Dungeon Crawl Stone Soup version 0.28-a0-1389-gc726bef33b (webtiles) character file.

Game seed: 11167733138523190214

11899 sanka the Carver (level 11, -1/89 HPs)
             Began as a Gnoll Cinder Acolyte on Jan 3, 2022.
             Was a High Priest of Ignis.
             Slain by Josephine (6 damage)
             ... on level 11 of the Dungeon.
             The game lasted 00:20:24 (15897 turns).

sanka the Carver (Gnoll Cinder Acolyte)            Turns: 15897, Time: 00:20:25

Health: -1/89      AC: 14    Str: 13    XL:     11   Next: 84%
Magic:  1/31       EV: 13    Int: 18    God:    Ignis [*****.]
Gold:   283        SH:  0    Dex:  8    Spells: 22/24 levels left

rFire   + . .      SeeInvis .   H - +6 great sword
rCold   . . .      Faith    .   (shield currently unavailable)
rNeg    . . .      Spirit   .   I - +0 steam dragon scales
rPois   .          Reflect  .   (no helmet)
rElec   .          Harm     .   b - +0 cloak
rCorr   .          Rampage  .   m - +0 pair of gloves
Will    .....                   n - +0 pair of boots
Stlth   +++.......              (no amulet)
HPRegen 0.24/turn               J - ring of magical power
MPRegen 0.22/turn               C - +4 ring of protection

@: no status effects
A: fangs 1, strong nose, distributed training
a: Renounce Religion, Fiery Armour, Foxfire Swarm, Rising Flame


You were on level 11 of the Dungeon.
You worshipped Ignis.
Ignis was extremely pleased with you.
You visited 2 branches of the dungeon, and saw 12 of its levels.

You collected 578 gold pieces.
You spent 295 gold pieces at shops.


Innate Abilities, Weirdness & Mutations

You have very sharp teeth.
Your uncanny sense of smell can sniff out nearby items.
Your experience applies equally to all skills.


   Skills:
 + Level 9.4 Fighting
 + Level 6.7 Short Blades
 + Level 9.4 Long Blades
 + Level 6.7 Axes
 + Level 6.7 Maces & Flails
 + Level 6.7 Polearms
 + Level 6.7 Staves
 + Level 6.7 Slings
 + Level 6.7 Bows
 + Level 6.7 Crossbows
 + Level 6.7 Throwing
 + Level 6.7 Armour
 + Level 6.7 Dodging
 + Level 6.7 Stealth
 + Level 6.7 Shields
 + Level 6.7 Unarmed Combat
 + Level 7.3 Spellcasting
 + Level 5.5 Conjurations
 + Level 5.5 Hexes
 + Level 5.5 Summonings
 + Level 5.5 Necromancy
 + Level 5.5 Translocations
 + Level 5.5 Transmutations
 + Level 7.9 Fire Magic
 + Level 5.5 Ice Magic
 + Level 5.5 Air Magic
 + Level 5.5 Earth Magic
 + Level 5.5 Poison Magic
 + Level 7.3 Invocations
 + Level 6.7 Evocations


You had 22 spell levels left.
You knew the following spells:

 Your Spells              Type           Power      Damage    Failure   Level
y - Scorch                Fire           70%        2d9       1%          2

Your spell library contained the following spells:

 Spells                   Type           Power      Damage    Failure   Level
 Slow                     Hex            100%       N/A       1%          1
 Confusing Touch          Hex            26%        N/A       3%          3
 Gell's Gravitas          Tloc           26%        N/A       3%          3
 Lesser Beckoning         Tloc           26%        N/A       3%          3
 Stone Arrow              Conj/Erth      52%        3d10      3%          3
 Teleport Other           Tloc           26%        N/A       3%          3
 Vampiric Draining        Necr           26%        2d7       3%          3
 Animate Armour           Summ/Erth      52%        N/A       11%         4
 Animate Dead             Necr           13%        N/A       11%         4
 Borgnjor's Vile Clutch   Necr/Erth      13%        N/A       30%         5
 Death Channel            Necr           13%        N/A       86%         6
 Lehudib's Crystal Spear  Conj/Erth      13%        10d4      100%        8

Inventory:

Hand Weapons
 a - a -1 falchion of flaming
 j - a +2 flail of protection
 H - a +6 great sword (weapon)
Missiles
 u - 4 throwing nets {=f}
Armour
 b - a +0 cloak (worn)
 m - a +0 pair of gloves (worn)
 n - a +0 pair of boots (worn)
 o - a +0 buckler
 I - +0 steam dragon scales (worn)
Magical Staves
 x - a staff of poison
 M - a staff of air
 N - a staff of fire
Jewellery
 C - a +4 ring of protection (right hand)
 G - a ring of fire
 J - a ring of magical power (left hand)
Wands
 e - a wand of acid (2)
 k - a wand of digging (11)
 r - a wand of flame (33)
 F - a wand of polymorph (5)
 R - a wand of iceblast (5)
Scrolls
 d - a scroll of blinking
 l - 3 scrolls of fog
 q - 5 scrolls of teleportation {@r4}
 v - 4 scrolls of magic mapping
 y - 5 scrolls of immolation {!r}
 A - a scroll of acquirement {unknown}
 D - a scroll of holy word
 E - a scroll of fear
 K - a scroll of vulnerability {unknown}
 P - a scroll of torment {unknown}
 Q - 4 scrolls of enchant armour
 T - 2 scrolls of silence {!r}
Potions
 c - 4 potions of attraction {unknown}
 f - 2 potions of degeneration {unknown}
 g - a potion of lignification {unknown}
 h - 4 potions of curing {@q1}
 i - 3 potions of cancellation {unknown}
 p - 5 potions of haste {@q3}
 w - a potion of heal wounds {unknown}
 z - 3 potions of mutation {unknown}
 B - a potion of brilliance {unknown}
 L - 5 potions of might
 O - a potion of invisibility {unknown}

Dungeon Overview and Level Annotations

Branches:
Dungeon (11/15)            Temple (1/1) D:5            Lair (0/6) D:11
    Orc: D:9-12

Altars:
Ashenzari
Cheibriados
Dithmenos
Elyvilon
Fedhas
Gozag
Hepliaklqana
Kikubaaqudgha
Makhleb
Nemelex Xobeh
Okawaru
Qazlal
Ru
Sif Muna
Trog
Uskayaw
Vehumet
Wu Jian
Xom
Yredelemnul
Zin
The Shining One

Shops:
D:9 *

Annotations:
D:11 2 transporters, Josephine; qborf's ghost, journeyman GnWn

........▒
▒▒▒▒▒▒▒.▒ ▒ ∆
▒▒▒▒▒▒▒▒▒▒▒▒▒▒▒▒▒▒
...............[.▒
.▒▒▒▒▒▒▒▒▒▒▒▒▒▒▒.▒
.▒ ▒....▒ ▒.▒ .▒
▒.▒▒.▒ ▒g▒ .▒
▒.▒▒.▒ ▒@▒ .▒
▒.▒▒.▒ ▒W▒ .▒
▒.▒▒.▒ ▒W▒ .▒
▒.▒▒.▒ ▒W▒
.▒▒▒▒▒.▒▒.▒ ▒.▒
..........▒ ▒.▒
▒▒▒▒▒▒.▒▒▒▒ ▒.▒
▒▒▒▒▒▒.▒


You could see Josephine and 3 wraiths.


Message History

Josephine hits you with a +1 antimagic dagger.
* * * LOW HITPOINT WARNING * * *
Josephine hits you with a +1 antimagic dagger!
* * * LOW HITPOINT WARNING * * *
Unknown command.
You hit Josephine.
Josephine is severely wounded.
Josephine draws life force from you!
* * * LOW HITPOINT WARNING * * *
Josephine is healed by the life force!
Unknown command.
You barely miss Josephine.
Josephine is severely wounded.
Josephine hits you but does no damage.
Unknown command.
You closely miss Josephine.
Josephine is severely wounded.
Josephine hits you but does no damage.
Okay, then.
Aiming: Corrosive Bolt
Aim: a wraith (74% to hit)
The bolt of acid misses Josephine.
The bolt of acid hits the wraith!
The wraith is almost destroyed.
The bolt of acid hits the wraith!!
The acid corrodes the wraith!
The wraith is severely damaged.
The bolt of acid misses the wraith.
Josephine hits you with a +1 antimagic dagger.
You die...

Action                   |  1- 3 |  4- 6 |  7- 9 | 10-12 || total
-------------------------+-------+-------+-------+-------++-------
Melee: Falchion          |    74 |    11 |       |       ||    85
       Bite              |     1 |     3 |    13 |     8 ||    25
       Flail             |       |    58 |   137 |       ||   195
       Great sword       |       |       |    36 |   169 ||   205
Throw: Dart              |       |       |       |     2 ||     2
 Cast: Scorch            |     3 |    28 |    77 |   164 ||   272
Invok: Fiery Armour      |       |       |       |     1 ||     1
       Foxfire Swarm     |       |       |       |     1 ||     1
Evoke: Wand              |       |       |     6 |     4 ||    10
  Use: Scroll            |       |       |       |     8 ||     8
       Potion            |       |       |       |     3 ||     3
 Stab: Sleeping          |       |     2 |     3 |     6 ||    11
Armor: Robe              |    16 |    29 |    69 |       ||   114
       Steam dragon scal |       |       |    22 |   157 ||   179
Dodge: Dodged            |    39 |    53 |   159 |   185 ||   436
Block: Buckler           |       |     5 |    44 |       ||    49

Levels and vault maps discovered:
D:1:      tarquinn_simple_flora_water_b, layout_loops_ring, lemuel_flame_loot_1
D:2:      layout_loops_ring, hex_tiny, kennysheep_generic_room_15, uniq_natasha,
          uniq_terence
D:3:      layout_loops_ring, uniq_sigmund
D:4:      layout_loops_ring, corexii_shack, minmay_misc_feat_nine_boxes,
          uniq_menkaure, uniq_grinder
D:5:      layout_basic, minmay_temple_entry_gardened_gates
D:6:      layout_basic, tso_altar, serial_shops, shop, mrwooster_statue_mirror,
          uniq_crazy_yiuf_cottage, uniq_maggie
D:7:      layout_cave_pools, serial_bayou_ford_a
D:8:      layout_loops_ring, st_stairs_2
D:9:      layout_irregular_city, serial_shops, shop_fountains
D:10:     layout_basic
D:11:     layout_basic, due_lair_maze_entry_diamond, gammafunk_ghost_arena,
          kennysheep_nub, uniq_josephine
Temple:   mainiacjoe_temple_circle_huts

Notes
Turn   | Place    | Note
-------+----------+-------------------------------------------
     0 | D:1      | sanka the Gnoll Cinder Acolyte began the quest for the Orb.
     0 | D:1      | Reached XP level 1. HP: 23/23 MP: 4/4
   152 | D:1      | Reached XP level 2. HP: 24/29 MP: 5/5
   643 | D:1      | Learned a level 2 spell: Scorch
   799 | D:1      | Reached XP level 3. HP: 35/35 MP: 7/7
   970 | D:2      | Noticed Natasha
   973 | D:2      | Killed Natasha
   974 | D:2      | Reached skill level 1 in Invocations
  1047 | D:2      | Reached skill level 1 in Short Blades
  1047 | D:2      | Reached skill level 1 in Axes
  1047 | D:2      | Reached skill level 1 in Maces & Flails
  1047 | D:2      | Reached skill level 1 in Polearms
  1047 | D:2      | Reached skill level 1 in Staves
  1047 | D:2      | Reached skill level 1 in Slings
  1047 | D:2      | Reached skill level 1 in Bows
  1047 | D:2      | Reached skill level 1 in Crossbows
  1047 | D:2      | Reached skill level 1 in Throwing
  1047 | D:2      | Reached skill level 1 in Armour
  1047 | D:2      | Reached skill level 1 in Dodging
  1047 | D:2      | Reached skill level 1 in Stealth
  1047 | D:2      | Reached skill level 1 in Shields
  1047 | D:2      | Reached skill level 1 in Unarmed Combat
  1047 | D:2      | Reached skill level 1 in Evocations
  1223 | D:2      | Reached XP level 4. HP: 37/41 MP: 8/8
  1310 | D:2      | Noticed Terence
  1324 | D:2      | Killed Terence
  1325 | D:2      | Reached skill level 3 in Spellcasting
  1325 | D:2      | Reached skill level 1 in Conjurations
  1325 | D:2      | Reached skill level 1 in Hexes
  1325 | D:2      | Reached skill level 1 in Summonings
  1325 | D:2      | Reached skill level 1 in Necromancy
  1325 | D:2      | Reached skill level 1 in Translocations
  1325 | D:2      | Reached skill level 1 in Transmutations
  1325 | D:2      | Reached skill level 1 in Ice Magic
  1325 | D:2      | Reached skill level 1 in Air Magic
  1325 | D:2      | Reached skill level 1 in Earth Magic
  1325 | D:2      | Reached skill level 1 in Poison Magic
  1404 | D:2      | Noticed Natasha
  1436 | D:2      | Killed Natasha
  1437 | D:2      | Reached XP level 5. HP: 18/47 MP: 0/9
  1588 | D:2      | Noticed Natasha
  1600 | D:2      | Killed Natasha
  2925 | D:3      | Noticed Sigmund
  2931 | D:3      | Killed Sigmund
  2932 | D:3      | Reached skill level 2 in Short Blades
  2932 | D:3      | Reached skill level 2 in Axes
  2932 | D:3      | Reached skill level 2 in Maces & Flails
  2932 | D:3      | Reached skill level 2 in Polearms
  2932 | D:3      | Reached skill level 2 in Staves
  2932 | D:3      | Reached skill level 2 in Slings
  2932 | D:3      | Reached skill level 2 in Bows
  2932 | D:3      | Reached skill level 2 in Crossbows
  2932 | D:3      | Reached skill level 2 in Throwing
  2932 | D:3      | Reached skill level 2 in Armour
  2932 | D:3      | Reached skill level 2 in Dodging
  2932 | D:3      | Reached skill level 2 in Stealth
  2932 | D:3      | Reached skill level 2 in Shields
  2932 | D:3      | Reached skill level 2 in Unarmed Combat
  2932 | D:3      | Reached skill level 2 in Invocations
  2932 | D:3      | Reached skill level 2 in Evocations
  2932 | D:3      | Reached XP level 6. HP: 43/53 MP: 1/11
  3606 | D:4      | Reached XP level 7. HP: 39/59 MP: 3/12
  3758 | D:4      | Reached skill level 7 in Fighting
  3758 | D:4      | Reached skill level 7 in Long Blades
  3845 | D:4      | Noticed Menkaure
  3849 | D:4      | Killed Menkaure
  3850 | D:4      | Reached skill level 2 in Conjurations
  3850 | D:4      | Reached skill level 2 in Hexes
  3850 | D:4      | Reached skill level 2 in Summonings
  3850 | D:4      | Reached skill level 2 in Necromancy
  3850 | D:4      | Reached skill level 2 in Translocations
  3850 | D:4      | Reached skill level 2 in Transmutations
  3850 | D:4      | Reached skill level 2 in Ice Magic
  3850 | D:4      | Reached skill level 2 in Air Magic
  3850 | D:4      | Reached skill level 2 in Earth Magic
  3850 | D:4      | Reached skill level 2 in Poison Magic
  4097 | D:4      | Noticed Grinder
  4103 | D:4      | Paralysed by Grinder for 6 turns
  4113 | D:4      | Paralysed by Grinder for 7 turns
  4121 | D:4      | Killed Grinder
  4122 | D:4      | Reached skill level 4 in Spellcasting
  4122 | D:4      | Reached skill level 3 in Invocations
  4436 | D:4      | Reached skill level 6 in Fire Magic
  4440 | D:4      | Reached XP level 8. HP: 48/67 MP: 7/14
  4631 | D:4      | Reached skill level 3 in Short Blades
  4631 | D:4      | Reached skill level 3 in Axes
  4631 | D:4      | Reached skill level 3 in Maces & Flails
  4631 | D:4      | Reached skill level 3 in Polearms
  4631 | D:4      | Reached skill level 3 in Staves
  4631 | D:4      | Reached skill level 3 in Slings
  4631 | D:4      | Reached skill level 3 in Bows
  4631 | D:4      | Reached skill level 3 in Crossbows
  4631 | D:4      | Reached skill level 3 in Throwing
  4631 | D:4      | Reached skill level 3 in Armour
  4631 | D:4      | Reached skill level 3 in Dodging
  4631 | D:4      | Reached skill level 3 in Stealth
  4631 | D:4      | Reached skill level 3 in Shields
  4631 | D:4      | Reached skill level 3 in Unarmed Combat
  4631 | D:4      | Reached skill level 3 in Evocations
  5081 | D:5      | Entered Level 5 of the Dungeon
  5301 | D:5      | Found a staircase to the Ecumenical Temple.
  5329 | Temple   | Entered the Ecumenical Temple
  6298 | D:6      | Found Xoudgha's Antique Armour Shop.
  6391 | D:6      | Reached skill level 3 in Conjurations
  6391 | D:6      | Reached skill level 3 in Hexes
  6391 | D:6      | Reached skill level 3 in Summonings
  6391 | D:6      | Reached skill level 3 in Necromancy
  6391 | D:6      | Reached skill level 3 in Translocations
  6391 | D:6      | Reached skill level 3 in Transmutations
  6391 | D:6      | Reached skill level 3 in Ice Magic
  6391 | D:6      | Reached skill level 3 in Air Magic
  6391 | D:6      | Reached skill level 3 in Earth Magic
  6391 | D:6      | Reached skill level 3 in Poison Magic
  6391 | D:6      | Reached skill level 4 in Invocations
  6688 | D:6      | Found a glowing golden altar of the Shining One.
  6733 | D:6      | Reached XP level 9. HP: 68/72 MP: 11/16
  6966 | D:6      | Found a runed translucent door.
  6967 | D:6      | Noticed Crazy Yiuf
  7185 | D:6      | Reached skill level 4 in Short Blades
  7185 | D:6      | Reached skill level 4 in Axes
  7185 | D:6      | Reached skill level 4 in Maces & Flails
  7185 | D:6      | Reached skill level 4 in Polearms
  7185 | D:6      | Reached skill level 4 in Staves
  7185 | D:6      | Reached skill level 4 in Slings
  7185 | D:6      | Reached skill level 4 in Bows
  7185 | D:6      | Reached skill level 4 in Crossbows
  7185 | D:6      | Reached skill level 4 in Throwing
  7185 | D:6      | Reached skill level 4 in Armour
  7185 | D:6      | Reached skill level 4 in Dodging
  7185 | D:6      | Reached skill level 4 in Stealth
  7185 | D:6      | Reached skill level 4 in Shields
  7185 | D:6      | Reached skill level 4 in Unarmed Combat
  7185 | D:6      | Reached skill level 4 in Evocations
  7378 | D:6      | Identified +0 steam dragon scales
  7378 | D:6      | Noticed Maggie
  7398 | D:6      | Reached skill level 5 in Spellcasting
  7408 | D:6      | Killed Maggie
  7760 | D:6      | Killed Crazy Yiuf
  7846 | D:7      | Reached skill level 8 in Fighting
  7846 | D:7      | Reached skill level 8 in Long Blades
  7875 | D:7      | Reached skill level 5 in Invocations
  8255 | D:7      | Reached XP level 10. HP: 66/80 MP: 18/18
  8363 | D:7      | Reached skill level 4 in Conjurations
  8363 | D:7      | Reached skill level 4 in Hexes
  8363 | D:7      | Reached skill level 4 in Summonings
  8363 | D:7      | Reached skill level 4 in Necromancy
  8363 | D:7      | Reached skill level 4 in Translocations
  8363 | D:7      | Reached skill level 4 in Transmutations
  8363 | D:7      | Reached skill level 4 in Ice Magic
  8363 | D:7      | Reached skill level 4 in Air Magic
  8363 | D:7      | Reached skill level 4 in Earth Magic
  8363 | D:7      | Reached skill level 4 in Poison Magic
  8897 | D:8      | Reached skill level 5 in Short Blades
  8897 | D:8      | Reached skill level 5 in Axes
  8897 | D:8      | Reached skill level 5 in Maces & Flails
  8897 | D:8      | Reached skill level 5 in Polearms
  8897 | D:8      | Reached skill level 5 in Staves
  8897 | D:8      | Reached skill level 5 in Slings
  8897 | D:8      | Reached skill level 5 in Bows
  8897 | D:8      | Reached skill level 5 in Crossbows
  8897 | D:8      | Reached skill level 5 in Throwing
  8897 | D:8      | Reached skill level 5 in Armour
  8897 | D:8      | Reached skill level 5 in Dodging
  8897 | D:8      | Reached skill level 5 in Stealth
  8897 | D:8      | Reached skill level 5 in Shields
  8897 | D:8      | Reached skill level 5 in Unarmed Combat
  8897 | D:8      | Reached skill level 5 in Evocations
  8953 | D:8      | Reached skill level 7 in Fire Magic
  8965 | D:8      | Reached skill level 6 in Spellcasting
 10115 | D:9      | Reached skill level 6 in Invocations
 10685 | D:9      | Found Quip's General Store.
 10834 | D:9      | Bought a potion of haste for 100 gold pieces
 10834 | D:9      | Bought a +0 quarterstaff for 40 gold pieces
 10834 | D:9      | Bought a potion of might for 40 gold pieces
 10834 | D:9      | Bought 2 scrolls of identify for 40 gold pieces
 10834 | D:9      | Bought a scroll of silence for 75 gold pieces
 10884 | D:10     | Entered Level 10 of the Dungeon
 11242 | D:10     | Noticed a two-headed ogre
 11252 | D:10     | Killed a two-headed ogre
 11253 | D:10     | Reached XP level 11. HP: 87/87 MP: 20/20
 11387 | D:10     | Noticed a two-headed ogre
 11411 | D:10     | Killed a two-headed ogre
 11412 | D:10     | Reached skill level 9 in Fighting
 11412 | D:10     | Reached skill level 6 in Short Blades
 11412 | D:10     | Reached skill level 9 in Long Blades
 11412 | D:10     | Reached skill level 6 in Axes
 11412 | D:10     | Reached skill level 6 in Maces & Flails
 11412 | D:10     | Reached skill level 6 in Polearms
 11412 | D:10     | Reached skill level 6 in Staves
 11412 | D:10     | Reached skill level 6 in Slings
 11412 | D:10     | Reached skill level 6 in Bows
 11412 | D:10     | Reached skill level 6 in Crossbows
 11412 | D:10     | Reached skill level 6 in Throwing
 11412 | D:10     | Reached skill level 6 in Armour
 11412 | D:10     | Reached skill level 6 in Dodging
 11412 | D:10     | Reached skill level 6 in Stealth
 11412 | D:10     | Reached skill level 6 in Shields
 11412 | D:10     | Reached skill level 6 in Unarmed Combat
 11412 | D:10     | Reached skill level 5 in Conjurations
 11412 | D:10     | Reached skill level 5 in Hexes
 11412 | D:10     | Reached skill level 5 in Summonings
 11412 | D:10     | Reached skill level 5 in Necromancy
 11412 | D:10     | Reached skill level 5 in Translocations
 11412 | D:10     | Reached skill level 5 in Transmutations
 11412 | D:10     | Reached skill level 5 in Ice Magic
 11412 | D:10     | Reached skill level 5 in Air Magic
 11412 | D:10     | Reached skill level 5 in Earth Magic
 11412 | D:10     | Reached skill level 5 in Poison Magic
 11412 | D:10     | Reached skill level 6 in Evocations
 11965 | D:10     | Noticed an orc knight
 12771 | D:10     | Killed an orc knight
 13071 | D:11     | Noticed a cyan ugly thing
 13113 | D:11     | Reached skill level 7 in Spellcasting
 13406 | D:11     | Noticed a wizard
 13412 | D:11     | Noticed a hell knight
 13415 | D:11     | Noticed qborf's ghost (journeyman GnWn)
 13426 | D:11     | Found a transporter.
 13470 | D:11     | Reached skill level 7 in Invocations
 14046 | D:11     | Noticed a deep elf pyromancer
 14485 | D:11     | HP: 8/89 [poisoned by a water moccasin]
 15569 | D:11     | Found a transporter.
 15724 | D:11     | Found a staircase to the Lair.
 15875 | D:11     | Noticed Josephine
 15894 | D:11     | HP: 4/89 [Josephine/vampiric draining (15)]
 15897 | D:11     | Slain by Josephine

Vanquished Creatures
  2 two-headed ogres (D:10)
  An orc knight (D:10)
  2 centaur zombies
  Maggie (D:6)
  An unseen horror (D:11)
  A komodo dragon (D:11)
  2 trolls
  Grinder (D:4)
  Sigmund (D:3)
  3 shadows (D:11)
  A vampire (D:10)
  17 yaks
  2 steam dragons (D:8)
  6 vampire mosquitoes
  Menkaure (D:4)
  4 water moccasins
  2 orc warriors (D:10)
  A black bear (D:11)
  An ice beast (D:7)
  2 ogres
  5 centaurs
  A phantom (D:6)
  2 kobold brigands
  A wyvern zombie (D:8)
  5 bullfrogs
  2 scorpions
  A water moccasin zombie (D:5)
  2 water moccasin skeletons (D:6)
  10 wights
  3 killer bees (D:6)
  2 electric eels (D:7)
  3 jellies
  A bullfrog zombie (D:5)
  4 hounds
  A gnoll shaman (D:9)
  3 centaur skeletons
  3 orc priests
  Crazy Yiuf (D:6)
  Natasha (thrice) (D:2)
  Terence (D:2)
  2 iguanas
  5 orc wizards
  A howler monkey zombie (D:5)
  3 howler monkey skeletons
  6 gnolls
  8 adders
  A white imp (D:8)
  2 ufetubi
  A worm (D:3)
  2 dart slugs
  28 orcs
  8 ball pythons
  3 bats
  8 endoplasms
  3 giant cockroaches
  6 goblins
  2 hobgoblins
  3 jackals (D:1)
  4 quokkas
  5 frilled lizards
  8 kobolds
  4 rats
219 creatures vanquished.

Vanquished Creatures (others)
  A frilled lizard (D:1)
  22 foxfires (D:10)
  48 fungi (D:11)
  53 plants
124 creatures vanquished.

Grand Total: 343 creatures vanquished
